Map: Tours du crépuscule

Players

Dixtea - Winner!

  • Race: Terran Terran
  • League: Bronze
  • Spawn Location: 1:00

zidar

  • Race: Zerg Zerg
  • League: Silver
  • Spawn Location: 7:00

VOD

Have the link to the VOD?

Description

Time

  • Played on: Nov. 27, 2015, 10:42 a.m.
  • Length: 9:13
Show
View Real Time Build Order
Export as new Build Order

Dixtea Terran - Winner!

Build Orders:  

Get SALT Encoding   

  12  0:01  SCV  
  13  0:13  SCV  
  14  0:18  Supply Depot  
  14  0:25  SCV  
  15  0:31  Refinery  
  15  0:40  SCV  
  16  0:46  Barracks  
  16  0:52  SCV  
  17  1:04  SCV  
  18  1:15  Supply Depot  
  18  1:17  SCV  
  19  1:32  Orbital Command  
  19  1:33  Reaper  
  20  1:58  Factory  
  20  2:05  Marine, SCV  
  22  2:17  Command Center  
  22  2:18  SCV  
  23  2:29  Barracks Reactor  
  23  2:31  SCV  
  24  2:43  SCV  
  25  2:55  SCV  
  26  3:07  SCV  
  27  3:13  Barracks x2  
  27  3:14  Refinery  
  27  3:17  Starport  
  27  3:18  Hellion x2  
  31  3:20  Barracks Tech Lab  
  31  3:27  Supply Depot  
  31  3:28  SCV  
  31  3:32  Orbital Command  
  32  3:40  SCV  
  33  3:44  Hellion x2  
  37  3:57  Stimpack  
  37  3:58  SCV  
  37  3:59  SCV  
  39  4:11  SCV x2  
  39  4:12  Hellion  
  39  4:14  Hellion  
  44  4:28  Starport Tech Lab  
  44  4:30  Marine x3  
  47  4:31  SCV x2  
  49  4:41  Supply Depot  
  49  4:47  Marine  
  49  4:48  Marine, Barracks  
  49  4:49  Barracks  
  49  4:50  Barracks  
  51  4:56  SCV x2  
  53  5:08  SCV x2  
  55  5:20  SCV x2  
  55  5:21  Marine x2  
  59  5:32  SCV x2  
  61  5:42  Barracks Tech Lab  
  61  5:43  Barracks Reactor  
  61  5:44  SCV  
  62  5:50  Supply Depot  
  62  5:51  Supply Depot  
  62  6:09  SCV x2  
  62  6:10  Medivac  
  62  6:11  Medivac  
  62  6:14  Marine x3  
  61  6:20  Siege Tank  
  61  6:23  Barracks Reactor  
  62  6:32  Marauder x2  
  66  6:33  Barracks Reactor  
  66  6:35  Marine x2  
  66  6:36  Marine  
  69  6:40  Medivac  
  69  6:41  Command Center, Medivac  
  73  6:49  Combat Shield  
  73  6:53  Marine  
  73  6:54  Marauder x2  
  78  7:01  Marine x2, Refinery  
  78  7:02  Supply Depot x2  
  78  7:03  Refinery  
  78  7:08  Marine x2  
  81  7:11  Marine  
  81  7:13  Marine x2  
  85  7:19  Marine  
  86  7:23  Marine, Marauder x2  
  86  7:26  Marine x2  
  86  7:29  Supply Depot  
  93  7:35  Marine x3  
  93  7:36  Marine  
  96  7:39  Medivac x2  
  96  7:41  Marine  
  96  7:42  Supply Depot  
  102  7:46  Supply Depot  
  102  7:49  Supply Depot  
  102  7:50  Marine  
  107  7:51  Marauder x2  
  107  7:52  Concussive Shells  
  107  7:54  Marine  
  107  7:55  Marine x3  
  111  8:03  Orbital Command  
  111  8:10  SCV x2  
  111  8:12  Marine, Marauder x2  
  118  8:19  Siege Tank  
  121  8:21  Marine x2  
  121  8:22  SCV x2  
  125  8:32  Marine x3  
  125  8:34  Marauder  
  130  8:41  Marine x3  
  130  8:42  Marine, Marauder  
Show
View Real Time Build Order
Export as new Build Order

zidar Zerg 

Build Orders: Hatch First 

Get SALT Encoding   

  12  0:02  Drone  
  13  0:12  Overlord  
  13  0:17  Drone  
  14  0:31  Drone x2  
  16  0:37  Drone  
  17  0:57  Hatchery  
  17  0:59  Drone  
  17  1:16  Spawning Pool  
  17  1:17  Drone  
  17  1:22  Extractor, Drone  
  16  1:33  Drone  
  16  1:34  Drone  
  16  1:39  Overlord  
  18  1:52  Drone  
  19  2:01  Drone  
  19  2:03  Queen  
  22  2:13  Queen  
  24  2:16  Drone x2  
  24  2:20  Zergling x2  
  27  2:25  Metabolic Boost  
  27  2:30  Zergling x2  
  27  2:34  Zergling x2  
  27  3:19  Zergling x2  
  28  3:20  Zergling x12  
  34  3:29  Baneling Nest  
  34  3:31  Drone x3  
  36  3:46  Overlord  
  36  3:47  Overlord  
  36  4:10  Drone  
  36  4:11  Drone x5  
  36  4:12  Hatchery  
  41  4:21  Lair  
  41  4:26  Extractor  
  41  4:27  Baneling x3  
  40  4:31  Drone  
  41  4:38  Extractor  
  41  4:41  Extractor, Drone x4  
  41  4:42  Drone  
  41  4:43  Drone x3  
  47  4:46  Overlord  
  35  5:39  Zergling x22  
  35  5:40  Zergling x8  
  35  5:42  Queen  
  34  6:27  Drone  
  34  6:28  Drone x5  
  34  6:31  Queen  
  43  7:01  Drone  
  43  7:02  Drone x11  
  54  7:22  Zergling x2  
  55  7:23  Zergling x12  
  55  7:29  Spire  
  60  7:41  Overlord x2  
  60  7:42  Overlord  
  60  7:51  Baneling x4  
  60  8:10  Evolution Chamber  
  59  8:15  Evolution Chamber  
  59  8:19  Hatchery  
  57  8:20  Drone x6  
  63  8:27  Extractor  
  63  8:31  Extractor  
  56  8:40  Zergling x6  
  56  8:41  Zergling x24  
  64  8:46  Mutalisk  
  57  9:01  Drone x2  
Tags
 
Add a new tag
Caveats
  • Supply blocks, unpowered buildings, or Contaminate may cause inaccurate times.
  • Supply counts are checked every 10 seconds.